 Dungeon Crawl Stone Soup version 0.23-a0-164-g7711e57 (webtiles) character file.

73 Amnesiac the Gusty (level 4, -3/30 HPs)
             Began as a Mummy Air Elementalist on Sept 10, 2018.
             Slain by Natasha (6 damage)
             ... on level 2 of the Dungeon.
             The game lasted 00:03:08 (1116 turns).

Amnesiac the Gusty (Mummy Air Elementalist)         Turns: 1116, Time: 00:03:08

Health: -3/30      AC:  2    Str: 11    XL:     4   Next: 8%
Magic:  0/9        EV: 12    Int: 15    God:
Gold:   61         SH:  0    Dex: 12    Spells: 7/10 levels left

rFire    x . .     SeeInvis .   (no weapon)
rCold    + . .     Gourm    .   (no shield)
rNeg     + + +     Faith    .   a - +0 robe
rPois    ∞         Spirit   .   (no helmet)
rElec    .         Reflect  .   (no cloak)
rCorr    .         Harm     .   (no gloves)
MR       .....                  (no boots)
Stlth    ++........             (no amulet)
HPRegen  0.10/turn              (no ring)
MPRegen  0.11/turn              (no ring)

@: very slightly contaminated, slowed, very slow
A: no food or potions, fire vulnerability, cold resistance 1, negative energy
resistance 3, torment resistance, unbreathing
a: no special abilities


You were on level 2 of the Dungeon.
You were not hungry.

You visited 1 branch of the dungeon, and saw 2 of its levels.

You collected 61 gold pieces.

Inventory:

Armour
 a - a +0 robe (worn)
Scrolls
 b - a scroll of magic mapping {!r}
 c - a scroll of immolation {!r}


   Skills:
 - Level 1.5 Dodging
 - Level 1.5 Stealth
 + Level 3.6 Spellcasting
 - Level 0.7 Conjurations
 * Level 3.7 Air Magic


You had 7 spell levels left.
You knew the following spells:

 Your Spells              Type           Power        Failure   Level  Hunger
a - Shock                 Conj/Air       #...         8%          1    N/A
z - Swiftness             Chrm/Air       #.......     13%         2    N/A

Your spell library contained the following spells:

 Spells                   Type           Power        Failure   Level  Hunger
 Static Discharge         Conj/Air       #.......     22%         3    N/A
 Airstrike                Air            ##........   38%         4    N/A
 Lightning Bolt           Conj/Air       #.........   91%         5    N/A

Dungeon Overview and Level Annotations

Branches:
Dungeon (2/15)

Altars:

Annotations:
D:2 Natasha


Innate Abilities, Weirdness & Mutations

You do not eat or drink.
Your flesh is vulnerable to fire.
You are immune to poison.
Your flesh is cold resistant. (rC+)
You are immune to negative energy. (rN+++)
You are immune to unholy pain and torment.
You can survive without breathing.


Message History

Natasha casts a spell.
Casting: Shock (safe; 8% risk of failure)
Confirm with . or Enter, or press ? or * to list all spells.
Aiming: Shock (safe; 8% risk of failure)
Press: ? - help, Shift-Dir - straight line, f - Natasha
Aim: Natasha The zap misses Natasha.
The zap hits Natasha.
Natasha is lightly wounded.
Natasha claws you but does no damage.
Unknown command.
Casting: Shock (safe; 8% risk of failure)
Confirm with . or Enter, or press ? or * to list all spells.
Aiming: Shock (safe; 8% risk of failure)
Press: ? - help, Shift-Dir - straight line, f/p - Natasha
Aim: Natasha (lightly wounded)
You miscast Shock.
You are very lightly contaminated with residual magic.
Nothing appears to happen.
Natasha closely misses you.
Unknown command.
Casting: Shock (safe; 8% risk of failure)
Confirm with . or Enter, or press ? or * to list all spells.
Aiming: Shock (safe; 8% risk of failure)
Press: ? - help, Shift-Dir - straight line, f/p - Natasha
Aim: Natasha (lightly wounded)
The zap misses Natasha.
The zap misses the crimson imp. x2
The zap misses Natasha.
Natasha claws you but does no damage. Natasha claws you!
* * * LOW HITPOINT WARNING * * *
Casting: Shock (safe; 8% risk of failure)
Confirm with . or Enter, or press ? or * to list all spells.
You don't have enough magic to cast that spell.
Casting: Shock (safe; 8% risk of failure)
Confirm with . or Enter, or press ? or * to list all spells.
You don't have enough magic to cast that spell.
Casting: Shock (safe; 8% risk of failure)
Confirm with . or Enter, or press ? or * to list all spells.
You don't have enough magic to cast that spell.
Casting: Shock (safe; 8% risk of failure)
Confirm with . or Enter, or press ? or * to list all spells.
You don't have enough magic to cast that spell.
Wield which item (- for none, * to show all)? (? for menu, Esc to quit)
You don't have any such object.
Wield which item (- for none, * to show all)? (? for menu, Esc to quit)
Okay, then.
Okay, then.
You closely miss Natasha.
Natasha is lightly wounded.
The crimson imp blinks!
Natasha casts a spell at you. You resist with some effort.
You closely miss Natasha.
Natasha is lightly wounded.
Natasha closely misses you. x2
You hit Natasha but do no damage.
Natasha is lightly wounded.
The crimson imp hits you.
* * * LOW HITPOINT WARNING * * *
Natasha claws you.
* * * LOW HITPOINT WARNING * * *
The crimson imp hits you but does no damage.
You hit Natasha.
Natasha is moderately wounded.
Natasha claws you.
You die...

#.# *,,...,.......,**,,, #.#
*,,..,..........,,,, #.#
*,,.,..........#*,,, #.#
*,,,........##.#**** #.#
*********,,,*#.# #.#
*,,,*#.## * #####.#
*#####..## *
#.....########## #.......###
#.######..5@h..# #..........
#.# ##...#####.# #......#...
#.###.##..####.###%......#.#
#.....h...h...........#...#.
#####.##..####(###.....#..#.
##.....(†).# #..#...###,
########### #...#..#,,*
#....###,,, ##..#..,*,,


You could see Natasha and a crimson imp.

Vanquished Creatures
  Natasha (D:2)
  3 adders (D:2)
  An ooze (D:1)
  A leopard gecko (D:2)
  4 goblins
  4 hobgoblins
  3 kobolds
  A rat (D:2)
18 creatures vanquished.

Notes
Turn   | Place    | Note
-------+----------+-------------------------------------------
     0 | D:1      | Amnesiac the Mummy Air Elementalist began the quest for the
                  | Orb.
     0 | D:1      | Reached XP level 1. HP: 13/13 MP: 4/4
   179 | D:1      | Reached XP level 2. HP: 11/19 MP: 1/5
   198 | D:1      | Learned a level 2 spell: Swiftness
   759 | D:2      | Noticed Natasha
   926 | D:2      | Reached XP level 3. HP: 23/24 MP: 3/7
  1090 | D:2      | Killed Natasha
  1090 | D:2      | Reached XP level 4. HP: 12/30 MP: 0/9
  1100 | D:2      | Noticed Natasha
  1116 | D:2      | Slain by Natasha

Vault maps used:
D:1:      evilmike_arrival_fibonacci_small, minivault_26, st_stairs_6,
          kennysheep_doodads
D:2:      kennysheep_slug_shrine, minmay_splitting_lines, uniq_natasha

Skill      XL: |  1  2 |
---------------+-------+-----
Spellcasting   | 3 |  3.6
Air Magic      | 3 |  3.7
Dodging        | |  1.5
Stealth        | |  1.5
Conjurations   | |  0.7

Action                   |  1- 3 |  4- 6 || total
-------------------------+-------+-------++-------
Melee: Unarmed           |     6 |     4 ||    10
 Cast: Shock             |    36 |     3 ||    39
  Use: Scroll            |     2 |       ||     2
Armor: Robe              |     3 |     3 ||     6
Dodge: Dodged            |    28 |     3 ||    31

Table legend:
 A = Non-vault XP
 B = Vault XP
 C = Vault XP percentage of total XP
 D = Non-vault monster count
 E = Vault monster count
 F = Vault count percentage of total count
                 A         B        C        D         E       F
            +---------+---------+-------+---------+---------+-------
      Total |      66 |      39 |  37.1 |      15 |       3 |  16.7
            +---------+---------+-------+---------+---------+-------
        D:1 |      17 |       0 |   0.0 |       7 |       0 |   0.0
        D:2 |      49 |      39 |  44.3 |       8 |       3 |  27.3
            +---------+---------+-------+---------+---------+-------
